 Seeded DCSS version 0.25-a0-681-gdf4e720 (webtiles) character file.

Game seed: 1189511237111925760, levelgen mode: deterministic

332 Illumine the Slasher (level 6, -2/47 HPs)
             Began as a Mummy Berserker on Mar 29, 2020.
             Was a Believer of Trog.
             Slain by a gnoll
             ... wielding a +0 spear
              (7 damage)
             ... on level 4 of the Dungeon.
             The game lasted 00:14:07 (4749 turns).

Illumine the Slasher (Mummy Berserker)              Turns: 4749, Time: 00:14:07

Health: -2/47      AC:  7    Str: 22    XL:     6   Next: 26%
Magic:  6/6        EV: 10    Int:  6    God:    Trog [**....]
Gold:   151        SH:  0    Dex: 12    Spells: 5/5 levels left

rFire    x . .     SeeInvis .   p - +0 long sword
rCold    + . .     Gourm    .   (no shield)
rNeg     + + +     Faith    .   r - +0 scale mail
rPois    ∞         Spirit   .   (no helmet)
rElec    .         Reflect  .   o - +0 cloak (curse)
rCorr    .         Harm     .   (no gloves)
MR       +....                  (no boots)
Stlth    ..........             (no amulet)
HPRegen  0.15/turn              n - ring of protection from magic
MPRegen  0.10/turn              (no ring)

@: no status effects
A: no food or potions, fire vulnerability, cold resistance 1, negative energy
resistance 3, torment resistance, unbreathing
a: Trog's Hand, Renounce Religion


You were on level 4 of the Dungeon.
You worshipped Trog.
Trog was pleased with you.
You were not hungry.

You visited 1 branch of the dungeon, and saw 4 of its levels.

You collected 151 gold pieces.

Inventory:

Hand Weapons
 a - a +0 falchion
 m - a +0 hunting sling
 p - a +0 long sword (weapon)
 s - a cursed -2 shortbow
Missiles
 g - 19 poisoned darts (quivered)
Armour
 b - a +0 animal skin
 o - a cursed +0 cloak (worn)
 r - a +0 scale mail (worn)
Jewellery
 n - a ring of protection from magic (left hand)
Wands
 l - a wand of digging (6)
Scrolls
 c - 5 scrolls of remove curse
 e - 2 scrolls of identify {unknown}
 f - 4 scrolls of amnesia {unknown}
 h - a scroll of teleportation {unknown}
 i - 3 scrolls of enchant armour {unknown}
 j - a scroll of blinking {unknown}
 k - a scroll of immolation {unknown}
 q - a scroll of fear {unknown}


   Skills:
 - Level 3.4 Fighting
 + Level 4.8 Long Blades
 + Level 2.3 Throwing
 + Level 2.1 Armour
 - Level 1.5 Dodging


You had 5 spell levels left.
You didn't know any spells.
Your spell library was empty.

Dungeon Overview and Level Annotations

Branches:
Dungeon (4/15)
 Temple: D:4-7

Altars:
Ashenzari
Makhleb
Trog


Innate Abilities, Weirdness & Mutations

You do not eat or drink.
Your flesh is vulnerable to fire.
You are immune to poison.
Your flesh is cold resistant. (rC+)
You are immune to negative energy. (rN+++)
You are immune to unholy pain and torment.
You can survive without breathing.


Message History

The javelin pierces through the orc wizard!
You kill the orc wizard!
Trog accepts your kill.
Trog appreciates your killing of a magic user.
Throwing (i - inventory)
g - 20 poisoned darts (quivered)
Press: ? - help, Shift-Dir - straight line, f - orc
Aim: an orc, wearing a +0 leather armour You throw a poisoned dart.
The poisoned dart hits the orc.
The orc is poisoned.
You barely miss the orc. The orc hits you.
* * * LOW HITPOINT WARNING * * *
You closely miss the orc. The orc barely misses you.
You hit the orc.
The orc is severely wounded.
The orc barely misses you.
You slash the orc!
You kill the orc!
Trog accepts your kill. The gnoll hits you but does no damage.
The gnoll hits you with a +0 spear!
You die...

##(####..#..............#
#..........##........##.#
#..##(......(.(###>..##.#
#...(..#.####..# #...##.###
#........# ##(###........#
#.#.##.### #.(o....##.#.#
#......#########o...g...#.#
###.#####.....##.##....##.###
#. #..)@g##.##.†#.##.... #.
#..)).(.(##.)(....... #.
#.....####..<†....... #.
#.....# #.##...####. #.
####### #.###### .> #.# #.#
#.# #.#


You could see a gnoll.

Vanquished Creatures
  An ogre (D:4)
  An orc priest (D:3)
  An orc wizard (D:4)
  4 gnolls (D:3)
  6 adders (D:3)
  2 worms (D:3)
  2 dart slugs (D:1)
  3 leopard geckos
  9 orcs
  2 ball pythons (D:3)
  7 bats
  2 giant cockroaches
  7 goblins
  7 hobgoblins
  10 jackals
  2 quokkas (D:3)
  2 frilled lizards
  9 kobolds
  5 rats
82 creatures vanquished.

Notes
Turn   | Place    | Note
-------+----------+-------------------------------------------
     0 | D:1      | Illumine the Mummy Berserker began the quest for the Orb.
     0 | D:1      | Reached XP level 1. HP: 18/18 MP: 1/1
   298 | D:1      | Reached XP level 2. HP: 20/24 MP: 2/2
   490 | D:1      | Reached skill level 3 in Long Blades
   535 | D:1      | HP: 1/24 [kobold (3)]
   986 | D:1      | Reached XP level 3. HP: 24/29 MP: 3/3
   993 | D:1      | Reached ** piety under Trog
  2856 | D:3      | Reached XP level 4. HP: 21/35 MP: 4/4
  2997 | D:3      | Reached skill level 4 in Long Blades
  3769 | D:3      | Found a bloodstained altar of Trog,
  3772 | D:3      | Found a shattered altar of Ashenzari,
  3775 | D:3      | Found a burning altar of Makhleb,
  3889 | D:3      | Reached skill level 1 in Throwing
  3894 | D:3      | Reached XP level 5. HP: 38/41 MP: 5/5
  4690 | D:4      | Noticed an ogre
  4718 | D:4      | HP: 2/41 [ogre/+0 giant club (15)]
  4731 | D:4      | Killed an ogre
  4731 | D:4      | Reached XP level 6. HP: 4/47 MP: 6/6
  4749 | D:4      | Slain by a gnoll

Levels and vault maps discovered:
D:1:      dpeg_arrival_refuge, layout_basic
D:2:      minmay_wonky_spiral, layout_loops_corners, bh_walls_and_bars
D:3:      layout_loops_cross, minmay_overflow_temple_star_quad
D:4:      layout_loops_cross, lemuel_round_altar

Skill      XL: |  1  2  3  4  5 |
---------------+----------------+-----
Long Blades    | 3 4 |  4.8
Throwing       | 1 2 |  2.3
Armour         | 2 |  2.1
Fighting       | |  3.4
Dodging        | |  1.5

Action                   |  1- 3 |  4- 6 || total
-------------------------+-------+-------++-------
Melee: Falchion          |   150 |    29 ||   179
       Long sword        |       |    66 ||    66
Throw: Javelin           |    11 |    26 ||    37
       Dart              |       |    10 ||    10
Invok: Trog's Hand       |     2 |       ||     2
  Use: Scroll            |     1 |       ||     1
 Stab: Sleeping          |     1 |       ||     1
Armor: Animal skin       |    38 |    13 ||    51
       Scale mail        |       |    10 ||    10
Dodge: Dodged            |   111 |    65 ||   176
       Rpst.: Falchion   |    31 |     5 ||    36
       Long sword        |       |    13 ||    13

Table legend:
 A = Non-vault XP
 B = Vault XP
 C = Vault XP percentage of total XP
 D = Non-vault monster count
 E = Vault monster count
 F = Vault count percentage of total count
                 A         B        C        D         E       F
            +---------+---------+-------+---------+---------+-------
      Total |     473 |       2 |   0.4 |      81 |       1 |   1.2
            +---------+---------+-------+---------+---------+-------
        D:1 |      47 |       0 |   0.0 |      26 |       0 |   0.0
        D:2 |      12 |       2 |  14.3 |       7 |       1 |  12.5
        D:3 |     238 |       0 |   0.0 |      39 |       0 |   0.0
        D:4 |     176 |       0 |   0.0 |       9 |       0 |   0.0
            +---------+---------+-------+---------+---------+-------
